 Dungeon Crawl Stone Soup version 0.20-a0-1039-gf554463 (webtiles) character file.

138 Ishamael the Chopper (level 5, 41/41 HPs)
             Began as a Demonspawn Fighter on Apr 22, 2017.
             Quit the game on level 3 of the Dungeon.
             The game lasted 00:06:28 (2592 turns).

Ishamael the Chopper (Demonspawn Fighter)           Turns: 2592, Time: 00:06:28

Health: 41/41      AC:  9    Str: 16    XL:     5   Next: 1%
Magic:  5/5        EV:  6    Int: 10    God:
Gold:   191        SH:  8    Dex: 13    Spells: 4/4 levels left

rFire    . . .     SeeInvis .   a - +0 war axe
rCold    . . .     Gourm    .   c - +0 shield
rNeg     . . .     Faith    .   b - +0 scale mail
rPois    .         Spirit   .   (helmet restricted)
rElec    .         Reflect  .   (no cloak)
rCorr    .         Harm     .   (no gloves)
MR       .....                  l - +0 pair of boots
Stlth    ..........             (no amulet)
Regen    0.2/turn               (no ring)
MPRegen  0.1/turn               (no ring)

@: no status effects
A: horns 1, slimy green scales 1, powered by pain 1
a: no special abilities


You were on level 3 of the Dungeon.
You were not hungry.

You visited 1 branch of the dungeon, and saw 3 of its levels.

You collected 191 gold pieces.

Inventory:

Hand Weapons
 a - a +0 war axe (weapon)
Missiles
 z - 4 javelins (quivered)
Armour
 b - a +0 scale mail (worn)
 c - a +0 shield (worn)
 l - a +0 pair of boots (worn)
 m - a +0 large shield
 t - a +0 plate armour
Scrolls
 g - a scroll of magic mapping
 h - a scroll of remove curse
 p - a scroll of amnesia {unknown}
 q - a scroll of recharging {unknown}
 v - a scroll of immolation {unknown}
 B - a scroll of enchant weapon {unknown}
Potions
 d - 2 potions of might
 e - a potion of curing {unknown}
 i - a potion of ambrosia
 j - 2 potions of lignification
 k - a potion of invisibility {unknown}
 n - a potion of heal wounds {unknown}
 s - a potion of flight {unknown}
 u - a potion of brilliance {unknown}
 A - a potion of haste {unknown}
Comestibles
 f - 2 bread rations
 o - 2 royal jellies
 r - 7 chunks of flesh
 w - a meat ration
 x - 3 fruits


   Skills:
 - Level 3.0 Fighting
 + Level 4.4 Axes
 - Level 2.9 Armour
 - Level 2.8 Shields


You had 4 spell levels left.
You didn't know any spells.

Dungeon Overview and Level Annotations

Branches:
Dungeon (3/15)

Altars:
Uskayaw
Vehumet
Yredelemnul

Annotations:
D:3 w00t's ghost, amateur DECj


Innate Abilities, Weirdness & Mutations

You have a pair of small horns on your head.
You are partially covered in slimy green scales. (AC +2)
You sometimes gain a little power by taking damage.


Message History

You closely miss the hobgoblin. You headbutt the hobgoblin.
You kill the hobgoblin!
You have reached level 5!
Your demonic ancestry asserts itself...
Slimy green scales grow over part of your body.
Things that are here:
a club; a hobgoblin corpse You barely miss the rat.
Your headbutt misses the rat. You block the rat's attack.
You slash the rat!
You kill the rat!
No target in view!
No target in view!
Things that are here:
a club; a hobgoblin corpse You butcher the hobgoblin corpse.
r - 7 chunks of flesh (gained 4)
You see here a club.
You see here a rat corpse.
Are you sure you want to abandon this character and quit the game? (Confirm with "yes".)

..........#** *,,***,,,,,,,* *
......##### ###..***,,,,,,,*****
..8...# #....,,,,,,,,,,**,,,
......# #....************,**
..8...# *#...#*##*# *,** .....##
*,....,.,.# *,* ..8.##
*,#..#.##.##*** *,* ....#
#,#..#.#.?..,,* *,* #..###
#.#.@.....#**,****,* #....#
#.##†#....#.,,,,,,,*
#.##.#******#...........*,******
..#*...,,,,*###.).......,,*
###**###*#,*##.#.#######***
#####* #.##.###.## .....*
*,.....##.# ####.* *###.#.#.##
***,*** *#...##


There were no monsters in sight!

Vanquished Creatures
  Jessica (D:3)
  3 adders
  2 oozes
  2 dart slugs (D:3)
  2 leopard geckos (D:3)
  3 orcs
  A giant cockroach (D:2)
  7 goblins
  4 hobgoblins
  13 jackals
  11 kobolds
  2 quokkas (D:2)
  6 bats
  3 frilled lizards (D:1)
  6 rats
66 creatures vanquished.

Notes
Turn   | Place    | Note
-------+----------+-------------------------------------------
     0 | D:1      | Ishamael the Demonspawn Fighter began the quest for the Orb.
     0 | D:1      | Reached XP level 1. HP: 18/18 MP: 1/1
   177 | D:1      | Gained mutation: You sometimes gain a little power by taking damage. [demonic ancestry]
   177 | D:1      | Reached XP level 2. HP: 24/24 MP: 2/2
   188 | D:1      | Reached skill level 2 in Axes
   609 | D:2      | Found a radiant altar of Vehumet.
   630 | D:2      | Gained mutation: You have a pair of small horns on your head. [demonic ancestry]
   630 | D:2      | Reached XP level 3. HP: 10/29 MP: 3/3
   794 | D:1      | Reached skill level 3 in Axes
  1564 | D:2      | Reached XP level 4. HP: 27/35 MP: 4/4
  2176 | D:3      | Found a basalt altar of Yredelemnul.
  2245 | D:3      | Reached skill level 4 in Axes
  2259 | D:3      | Noticed w00t's ghost (amateur DECj)
  2448 | D:3      | Noticed Jessica
  2455 | D:3      | Killed Jessica
  2477 | D:3      | Found a hide-covered altar of Uskayaw.
  2581 | D:3      | Gained mutation: You are partially covered in slimy green scales. (AC +2) [demonic ancestry]
  2581 | D:3      | Reached XP level 5. HP: 41/41 MP: 5/5
  2592 | D:3      | Quit the game

Vault maps used:
D:1:      dpeg_arrival_concentric_ovals
D:2:      overflow_temple_1_default
D:3:      eat_drink_and_be_merry_uskayaw, old_standard_altar, first_bread,
          uniq_jessica

Skill      XL: |  1  2  3  4 |
---------------+-------------+-----
Axes           | 2 3 4 |  4.4
Fighting       | |  3.0
Armour         | |  2.9
Shields        | |  2.8

Action                   |  1- 3 |  4- 6 || total
-------------------------+-------+-------++-------
Melee: War axe           |   141 |    79 ||   220
       Headbutt          |    13 |     9 ||    22
  Use: Potion            |     1 |       ||     1
       Scroll            |       |     5 ||     5
  Eat: Chunk             |     2 |     4 ||     6
Armor: Scale mail        |    76 |    50 ||   126
Dodge: Dodged            |    40 |    22 ||    62
Block: Shield            |    67 |    56 ||   123
